 Dungeon Crawl Stone Soup version 0.29-a0-870-g2c972031a6 (webtiles) character file.

Game seed: 2134736157576990836

43 Sabo the Chopper (level 3, 0/28 HPs)
             Began as a Demonspawn Gladiator on July 17, 2022.
             Was a Follower of Okawaru.
             Succumbed to Crazy Yiuf's poison
             ... on level 2 of the Dungeon.
             The game lasted 00:07:37 (1894 turns).

Sabo the Chopper (Demonspawn Gladiator)             Turns: 1894, Time: 00:07:38

Health: 0/28       AC: 10    Str: 16    XL:     3   Next: 37%
Magic:  1/3        EV: 13    Int:  9    God:    Okawaru [*.....]
Gold:   63         SH:  0    Dex: 14    Spells: 2/2 levels left

rFire   . . .      SeeInvis .   a - +0 war axe
rCold   . . .      Faith    .   (no shield)
rNeg    . . .      Spirit   .   v - +0 scale mail
rPois   .          Reflect  .   c - +0 helmet
rElec   .          Harm     .   w - +1 cloak
rCorr   .          Rampage  .   (no gloves)
Will    .....                   (no boots)
Stlth   ++........              (no amulet)
HPRegen 0.09/turn               (no ring)
MPRegen 0.08/turn               (no ring)

@: lethally poisoned (0 -> -27), heroic
A: (demonic guardian 1)
a: Renounce Religion, Heroism


You were on level 2 of the Dungeon.
You worshipped Okawaru.
Okawaru was aware of your devotion.
You visited 1 branch of the dungeon, and saw 2 of its levels.

You collected 63 gold pieces.

Inventory:

Hand Weapons
 a - a +0 war axe (weapon)
Missiles
 d - 3 throwing nets (quivered)
 e - a javelin
 s - 5 curare-tipped darts
Armour
 c - a +0 helmet (worn)
 v - a +0 scale mail (worn)
 w - a +1 cloak (worn)
Jewellery
 r - a ring of fire
Scrolls
 g - 2 scrolls of identify {unknown}
 j - a scroll of enchant weapon {unknown}
 k - a scroll of magic mapping
 l - a scroll of fear {unknown}
 n - a scroll of silence {unknown}
 p - a scroll of amnesia {unknown}
 t - a scroll of summoning {unknown}
 u - 2 scrolls of teleportation {unknown}
Potions
 b - a potion of berserk rage {unknown}
 f - 2 potions of curing {unknown}
 h - 2 potions of mutation {unknown}
 i - a potion of heal wounds {unknown}
 m - a potion of flight {unknown}
 o - a potion of ambrosia {unknown}
 q - a potion of might {unknown}


   Skills:
 + Level 2.5(7.5) Fighting
 + Level 3.2(8.2) Axes
 + Level 1.8(6.8) Throwing
 + Level 0.4(5.4) Armour
 + Level 3.1(8.1) Dodging
 + Level 0.2(5.2) Stealth


You had 2 spell levels left.
You didn't know any spells.
Your spell library was empty.

Dungeon Overview and Level Annotations

Branches:
Dungeon (2/15)

Altars:
Okawaru
Yredelemnul

Annotations:
D:2 Crazy Yiuf


Innate Abilities, Weirdness & Mutations

((A weak demonic guardian rushes to your aid.))


Message History

Found an escape hatch in the floor.
Found an escape hatch in the ceiling.
Found a stone staircase leading down.
Found a runed cloak.
You see here a +1 cloak.
w - a +1 cloak You start putting on your armour.
You continue putting on your +1 cloak. x4
You finish putting on your +1 cloak.
Okay, then.
You open the door.
There is an open door here.
You open the door.
Found 18 gold pieces and a sedimented blue potion.
There is an open door here.
You now have 63 gold pieces (gained 18).
h - 2 sedimented blue potions (gained 1)
There is an open door here.
You open the door.
There is an open door here.
There is a stone staircase leading down here.
There is an open door here.
You open the door.
There is an open door here.
There is an open door here.
There is an open door here.
Crazy Yiuf shouts!
You gain the combat prowess of a mighty hero.
Crazy Yiuf laughs, "Mama!
Papa canine light."
You open the door. You barely miss Crazy Yiuf. Crazy Yiuf misses you.
You hit Crazy Yiuf but do no damage. Crazy Yiuf barely misses you.
You barely miss Crazy Yiuf.
Crazy Yiuf says, "Tonal!"
Crazy Yiuf hits you with a +4 quarterstaff of chaos!
You barely miss Crazy Yiuf.
Crazy Yiuf hits you with a +4 quarterstaff of chaos!
* * * LOW HITPOINT WARNING * * *
You are lethally poisoned!
You hit Crazy Yiuf. You punch Crazy Yiuf.
Crazy Yiuf is moderately wounded.
You die...

#.#####.......##..............##
#.# #######.#...............##
#.# #.................## #.#
#############+##.... #.# ####
#.... #.# #..# #.... #.###.###♣♣
### #.... #>......#.♣♣ ♣♣#..)#
#.... #..........♣♣♣♣@g...#
##.... ######.......♣..♣#...#
#####..... #......#.#..♣.♣♣♣ ###
#......... .....#####♣♣♣♣♣
#......... .....# #......###
.....# #### ##########......###
....####..# #....#...##'###....
....'.....# ##'####..##.# #....
....###...######.# #..##.###....


You could see Crazy Yiuf.

Vanquished Creatures
  A worm (D:2)
  4 dart slugs (D:1)
  An endoplasm (D:1)
  2 giant cockroaches
  2 goblins
  5 hobgoblins (D:1)
  5 kobolds (D:1)
  A quokka (D:1)
  2 ball pythons
  5 bats
  A frilled lizard (D:2)
  2 rats (D:1)
31 creatures vanquished.

Notes
Turn   | Place    | Note
-------+----------+-------------------------------------------
     0 | D:1      | Sabo the Demonspawn Gladiator began the quest for the Orb.
     0 | D:1      | Reached XP level 1. HP: 16/16 MP: 1/1
    81 | D:1      | Gained mutation: A weak demonic guardian rushes to your
                  | aid. [demonic ancestry]
    81 | D:1      | Reached XP level 2. HP: 16/22 MP: 2/2
   569 | D:1      | Found a faded altar of an unknown god.
   600 | D:1      | Prayed at the altar of an unknown god.
   600 | D:1      | Became a worshipper of Warmaster Okawaru
   600 | D:1      | Reached * piety under Okawaru
   831 | D:1      | Reached XP level 3. HP: 27/28 MP: 3/3
  1265 | D:2      | Found a runed translucent door.
  1376 | D:2      | Found a basalt altar of Yredelemnul.
  1885 | D:2      | Noticed Crazy Yiuf
  1894 | D:2      | Succumbed to Crazy Yiuf's poison

Illustrated notes

Levels and vault maps discovered:
D:1:      dpeg_arrival_boxes_within_box, layout_basic,
          ebering_ecumenical_altar_sacrificial
D:2:      layout_basic, basic_altar, uniq_crazy_yiuf_cottage

Skill      XL: |  1  2 |
---------------+-------+-----
Axes           | 3 |  3.2
Dodging        | 3 |  3.1
Fighting       | |  2.5
Throwing       | |  1.8
Armour         | |  0.4
Stealth        | |  0.2

Action                   || total
-------------------------++-------
Melee: War axe           ||    67
       Punch             ||     2
Invok: Heroism           ||     1
  Use: Scroll            ||     1
 Stab: Sleeping          ||     1
Armor: Leather armour    ||    20
       Scale mail        ||     1
Dodge: Dodged            ||    33

Table legend: (Time is in decaauts)
 A = Elapsed time spent in this place.
 B = Non-inter-level travel time spent in this place.
 C = Inter-level travel time spent in this place.
 D = Time resting spent in this place.
 E = Time spent auto-exploring this place.
 F = Levels seen in this place.
 G = Mean time per level.
                   A        B        C        D        E       F      G
               +--------+--------+--------+--------+--------+-----+--------+
         Total |   1915 |   1915 |      0 |    416 |      0 |   2 |  957.5 |
       Dungeon |   1915 |   1915 |      0 |    416 |      0 |   2 |  957.5 |
               +--------+--------+--------+--------+--------+-----+--------+

Top non-repeatable levels by time:
     D:1: 1121 daAuts
     D:2: 794 daAuts
